Map: Kairos Junction LE

Players

ViBE

  • Race: Protoss Protoss
  • League: Platinum
  • Spawn Location: 5:00

llllllIllIll - Winner!

  • Race: Zerg Zerg
  • League: Diamond
  • Spawn Location: 11:00

VOD

Have the link to the VOD?

Description

Time

  • Played on: Nov. 29, 2018, 11:30 p.m.
  • Length: 13:17
Show
View Real Time Build Order
Export as new Build Order

ViBE Protoss 

Build Orders: 1 Gate Expand, Colossus Rush 

Get SALT Encoding   

  12  0:00  Probe  
  13  0:14  Probe  
  14  0:19  Pylon  
  14  0:26  Probe  
  15  0:38  Probe  
  15  0:42  Gateway  
  16  0:50  Probe  
  17  1:02  Probe  
  18  1:14  Probe  
  19  1:20  Nexus  
  19  1:23  Assimilator  
  19  1:32  Cybernetics Core  
  19  1:35  Probe  
  20  1:47  Pylon  
  20  1:52  Probe  
  20  2:00  Probe  
  21  2:02  Assimilator  
  21  2:08  Probe, Stalker  
  24  2:13  Pylon  
  25  2:16  Probe  
  26  2:25  Probe  
  26  2:28  Probe  
  27  2:36  Probe x2  
  29  2:39  Pylon  
  29  2:43  Warp Gate  
  32  2:44  Sentry  
  32  2:45  Probe  
  32  2:48  Probe  
  34  2:53  Probe  
  35  3:00  Probe  
  35  3:03  Gateway  
  36  3:12  Robotics Facility  
  36  3:15  Probe  
  36  3:16  Probe  
  38  3:21  Stalker  
  38  3:23  Probe  
  40  3:28  Probe  
  40  3:29  Shield Battery  
  40  3:31  Probe  
  42  3:41  Probe, Assimilator  
  44  3:44  Probe, Assimilator  
  45  3:52  Probe  
  45  3:53  Probe, Stalker  
  45  3:55  Stalker  
  50  4:00  Probe  
  50  4:02  Robotics Bay  
  51  4:05  Probe  
  53  4:12  Probe, Observer  
  55  4:17  Probe  
  55  4:18  Pylon  
  56  4:26  Probe  
  56  4:28  Nexus  
  56  4:29  Probe  
  58  4:31  Pylon  
  58  4:38  Stalker x2  
  62  4:39  Probe  
  62  4:41  Probe  
  64  4:49  Colossus  
  70  5:00  Probe x2  
  70  5:02  Extended Thermal Lance  
  70  5:04  Stalker  
  70  5:05  Stalker  
  76  5:11  Probe x2  
  78  5:29  Twilight Council  
  78  5:30  Forge  
  78  5:35  Pylon  
  78  5:39  Probe x2  
  80  5:43  Colossus  
  80  5:45  Protoss Ground Weapons Level 1  
  80  5:48  Robotics Facility  
  86  5:53  Gateway  
  86  5:55  Gateway  
  86  5:57  Gateway  
  86  5:59  Gateway  
  86  6:01  Probe x2  
  86  6:02  Probe  
  89  6:18  Shield Battery  
  89  6:21  Shield Battery, Pylon  
  89  6:22  Probe x2, Pylon  
  89  6:23  Probe, Assimilator  
  92  6:26  Assimilator  
  92  6:34  Probe x2  
  92  6:35  Probe  
  92  6:36  Observer  
  96  6:44  Photon Cannon  
  96  6:46  Photon Cannon  
  96  6:53  Colossus  
  96  6:56  Colossus  
  108  7:08  Stalker x4  
  110  7:11  Probe  
  117  7:30  Pylon  
  117  7:32  Pylon  
  117  7:34  Pylon, Nexus  
  117  7:35  Pylon  
  117  7:36  Pylon  
  117  7:38  Pylon  
  117  7:39  Templar Archives  
  117  7:40  Pylon  
  117  7:48  Probe x2  
  119  7:51  Pylon  
  119  7:57  Probe  
  120  8:01  Probe x2  
  120  8:04  Stalker  
  120  8:05  Stalker x4  
  132  8:07  Colossus x2  
  144  8:17  Probe x2  
  144  8:18  Probe  
  147  8:22  Photon Cannon  
  147  8:25  Pylon  
  147  8:27  Photon Cannon  
  147  8:29  Shield Battery  
  147  8:31  Photon Cannon  
  147  8:33  Photon Cannon  
  147  8:36  Shield Battery  
  147  8:37  Protoss Ground Weapons Level 2  
  147  8:40  Shield Battery  
  147  8:44  Probe x2, Assimilator x2  
  147  8:45  Probe  
  150  8:49  High Templar  
  150  8:50  High Templar x5  
  150  8:53  Archon  
  150  8:54  Archon x2  
  162  9:12  Immortal x2  
  162  9:15  Observer  
  170  9:22  Zealot x3  
  170  9:23  Zealot x3  
  135  9:45  Observer x2  
  130  9:46  Probe x3  
  130  9:51  Nexus  
  135  10:09  Immortal  
  135  10:11  Immortal  
  137  10:31  Charge  
  137  10:32  Zealot  
  137  10:33  Zealot x5  
  129  10:48  Nexus  
  129  10:49  Immortal  
  133  10:50  Immortal  
  133  10:54  Pylon  
  137  10:57  Photon Cannon  
  137  10:58  Photon Cannon  
  137  11:00  Photon Cannon  
  137  11:01  Probe x2, Shield Battery  
  137  11:03  Probe  
  140  11:06  High Templar x4  
  140  11:07  High Templar x2  
  140  11:10  Archon  
  140  11:11  Archon x2  
  152  11:13  Probe  
  140  11:42  Zealot x5  
  140  11:43  Zealot  
  105  11:59  Immortal x2  
  107  12:06  Probe  
  107  12:07  Probe  
  102  12:08  Probe, Nexus  
  104  12:19  Probe x3  
  104  12:29  Probe x3  
  110  12:41  Probe x3  
  121  12:57  High Templar x6  
  105  13:01  Archon x2  
  105  13:02  Archon  
Show
View Real Time Build Order
Export as new Build Order

llllllIllIll Zerg - Winner!

Build Orders: Hatch First, Lurkers, Roach Hydra 

Get SALT Encoding   

  12  0:01  Drone  
  13  0:13  Overlord  
  13  0:17  Drone  
  14  0:33  Drone x2  
  16  0:50  Hatchery  
  16  0:53  Drone  
  16  0:58  Drone  
  16  1:01  Drone  
  18  1:08  Extractor  
  17  1:16  Spawning Pool  
  16  1:19  Drone  
  17  1:26  Drone  
  17  1:30  Drone  
  19  1:40  Overlord  
  19  1:55  Drone  
  20  2:05  Queen, Drone x2  
  20  2:06  Queen  
  26  2:13  Zergling x4  
  28  2:39  Metabolic Boost  
  28  2:40  Drone x2  
  28  2:43  Hatchery  
  29  2:47  Drone x3  
  29  2:49  Drone  
  33  2:58  Overlord  
  33  3:04  Overlord  
  33  3:10  Drone x2  
  35  3:15  Queen  
  35  3:18  Drone x3  
  35  3:19  Drone  
  41  3:25  Drone x3  
  41  3:26  Drone  
  45  3:41  Drone x2  
  47  3:49  Roach Warren  
  47  3:53  Roach Warren  
  46  3:57  Extractor  
  46  3:58  Extractor, Lair  
  46  4:00  Drone  
  46  4:01  Drone x4  
  46  4:02  Drone x2  
  51  4:05  Queen  
  51  4:07  Drone x2  
  55  4:17  Overlord x2  
  55  4:18  Overlord  
  55  4:29  Drone  
  56  4:45  Drone x8  
  64  4:47  Overlord x2  
  64  4:53  Evolution Chamber  
  62  5:04  Roach x5  
  72  5:12  Drone  
  72  5:13  Extractor  
  73  5:14  Drone x3  
  73  5:16  Drone x3  
  73  5:19  Extractor x2  
  73  5:20  Drone x3  
  79  5:21  Drone x2  
  79  5:24  Drone  
  79  5:27  Zerg Missile Weapons Level 1  
  82  5:34  Overlord x3  
  82  5:35  Glial Reconstitution  
  82  5:41  Roach x2  
  82  5:42  Roach  
  88  5:44  Overlord x3  
  88  5:49  Hydralisk Den  
  87  5:55  Drone x2  
  87  5:56  Drone  
  90  5:59  Roach  
  90  6:00  Roach x3  
  90  6:01  Hatchery  
  97  6:05  Roach x4  
  105  6:15  Drone x2  
  105  6:17  Roach x5  
  117  6:21  Muscular Augments  
  117  6:22  Infestation Pit  
  117  6:25  Drone x4  
  120  6:40  Drone x5  
  125  6:47  Overlord x2  
  125  6:49  Roach x4  
  133  6:55  Lurker Den  
  132  7:03  Hydralisk x2  
  132  7:05  Overlord  
  132  7:06  Overlord x3  
  132  7:07  Hydralisk x2  
  140  7:14  Extractor  
  139  7:19  Overseer x2  
  139  7:22  Hydralisk x8  
  141  7:24  Hydralisk  
  157  7:36  Hydralisk x6  
  169  7:45  Zerg Missile Weapons Level 2  
  169  7:46  Drone  
  169  7:47  Drone x2  
  169  7:49  Drone x6  
  169  7:51  Hydralisk  
  178  7:53  Extractor  
  179  8:00  Drone  
  179  8:01  Drone x2, Hydralisk  
  179  8:02  Hydralisk x2  
  188  8:13  Overlord x3  
  188  8:14  Overlord  
  188  8:23  Lurker x2  
  188  8:24  Lurker  
  191  8:28  Overlord x2  
  191  8:35  Hive  
  191  8:37  Lurker x5  
  196  8:42  Lurker  
  197  8:56  Evolution Chamber  
  197  8:58  Grooved Spines  
  196  9:03  Spine Crawler  
  196  9:04  Spine Crawler, Drone x2  
  196  9:05  Spine Crawler  
  196  9:06  Overlord x3  
  156  9:36  Roach, Hydralisk x11  
  156  9:37  Hydralisk x7, Roach x6  
  191  9:48  Adaptive Talons  
  191  9:55  Hydralisk  
  191  9:56  Roach x3  
  199  10:02  Zerg Missile Weapons Level 3  
  199  10:08  Hatchery, Overlord x3  
  193  10:29  Hatchery  
  146  10:44  Roach x15  
  146  10:45  Roach x5  
  146  10:49  Lurker x3  
  189  10:50  Lurker x3  
  189  10:53  Lurker  
  189  10:56  Lurker  
  191  11:04  Overlord x2  
  191  11:06  Drone x6  
  191  11:10  Spire  
  196  11:13  Zerg Ground Armor Level 1  
  196  11:16  Roach  
  198  11:25  Overlord x3  
  103  12:05  Hydralisk  
  103  12:06  Hydralisk x16, Roach x12  
  150  12:09  Extractor  
  150  12:10  Extractor  
  148  12:20  Roach  
  148  12:21  Roach x8  
  166  12:25  Extractor  
  166  12:26  Extractor  
  164  12:32  Drone x3  
  164  12:33  Drone x3  
  170  12:42  Roach  
  170  12:43  Roach x12  
Tags
 
Add a new tag
Caveats
  • Supply blocks, unpowered buildings, or Contaminate may cause inaccurate times.
  • Supply counts are checked every 10 seconds.